 Dungeon Crawl Stone Soup version 0.32-a0-876-gcfddb08e57 (webtiles) character file.

Game seed: 15369455370850074772

1673 incide the Carver (level 9, -7/66 HPs)
             Began as a Gnoll Wanderer on Apr 1, 2024.
             Was an Initiate of Gozag.
             Mangled by an orc warrior
             ... wielding a +0 flail
              (15 damage)
             ... on level 7 of the Dungeon.
             The game lasted 00:13:25 (6184 turns).

incide the Carver (Gnoll Wanderer)                  Turns: 6184, Time: 00:13:27

Health: -7/66      AC:  6    Str: 11    XL:     9   Next: 1%
Magic:  16/16      EV: 13    Int: 20    God:    Gozag
Gold:   306        SH:  0    Dex: 19    Spells: 13/17 levels left

rFire   + . .        A - +8 mace of Doran {venom, Dex+5}
rCold   . . .        (no shield)
rNeg    . . .        I - +2 robe {rF+}
rPois   .            (no helmet)
rElec   .            b - +0 cloak
rCorr   .            (no gloves)
SInv    .            G - +0 pair of boots
Will    .....        f - amulet of the acrobat
Stlth   +++          r - +6 ring of intelligence
HPRegen 0.31/turn    (no ring)
MPRegen 0.15/turn

%: acrobat
@: no status effects
A: fangs 1, strong nose, distributed training
a: Renounce Religion, Potion Petition, Call Merchant, Bribe Branch


You were on level 7 of the Dungeon.
You worshipped Gozag.
Gozag was aware of your devotion.
You visited 2 branches of the dungeon, and saw 8 of its levels.

You collected 425 gold pieces.
You spent 14 gold pieces at shops.
You paid 105 gold pieces to Gozag.

Inventory:

Hand Weapons
 a - a +0 long sword
 d - a +0 long sword of flaming
 l - a +1 short sword of electrocution
 v - a +1 whip of flaming
 x - a +2 dagger of speed
 A - the +8 mace of Doran (weapon) {venom, Dex+5}
   (You found it on level 4 of the Dungeon)

   Dex+5:     It affects your dexterity (+5).
 H - a +1 scimitar of venom
Missiles
 s - 9 poisoned darts
 D - 3 boomerangs
 E - 4 javelins
Armour
 b - a +0 cloak (worn)
 G - a +0 pair of boots (worn)
 I - a +2 robe of fire resistance (worn)
Magical Staves
 o - a staff of fire
Jewellery
 f - an amulet of the acrobat (around neck)
 r - a +6 ring of intelligence (left hand)
 B - an amulet of faith {!P}
 F - an amulet of guardian spirit
Wands
 C - a wand of acid (3)
Scrolls
 c - 3 scrolls of fear
 g - 7 scrolls of teleportation {unknown}
 h - 8 scrolls of identify {unknown}
 i - 2 scrolls of fog {unknown}
 j - 3 scrolls of immolation {unknown}
 p - 2 scrolls of blinking {unknown}
 q - a scroll of amnesia {unknown}
 u - a scroll of acquirement {unknown}
 w - 3 scrolls of enchant armour {unknown}
 y - a scroll of butterflies {unknown}
Potions
 e - 2 potions of haste {unknown}
 k - a potion of mutation {unknown}
 n - a potion of curing {unknown}
 t - 2 potions of magic {unknown}
 z - a potion of berserk rage {unknown}


   Skills:
 + Level 4.7 Fighting
 + Level 3.9 Short Blades
 + Level 9.4 Long Blades
 + Level 3.9 Axes
 + Level 3.9 Maces & Flails
 + Level 3.9 Polearms
 + Level 3.9 Staves
 + Level 3.9 Ranged Weapons
 + Level 4.7 Throwing
 + Level 3.9 Armour
 + Level 4.7 Dodging
 + Level 3.9 Stealth
 + Level 3.9 Shields
 + Level 3.9 Unarmed Combat
 + Level 4.9 Spellcasting
 + Level 3.2 Conjurations
 + Level 3.2 Hexes
 + Level 3.2 Summonings
 + Level 3.2 Necromancy
 + Level 3.2 Translocations
 + Level 5.0 Fire Magic
 + Level 3.2 Ice Magic
 + Level 3.2 Air Magic
 + Level 3.2 Earth Magic
 + Level 3.2 Alchemy
 + Level 4.3 Invocations
 + Level 3.9 Evocations
 + Level 3.5 Shapeshifting


You had 13 spell levels left.
You knew the following spells:

 Your Spells              Type           Power      Damage    Failure   Level
a - Foxfire               Conj/Fire      84%        2x1d8     2%          1
b - Volatile Blastmotes   Fire/Tloc      42%        2d13      6%          3

Your spell library contained the following spells:

 Spells                   Type           Power      Damage    Failure   Level
 Kiss of Death            Conj/Necr      68%        2d10      3%          1
 Lesser Beckoning         Tloc           34%        N/A       4%          2
 Confusing Touch          Hex            17%        N/A       10%         3
 Teleport Other           Tloc           17%        N/A       10%         3
 Dispel Undead            Necr           17%        3d10      30%         4
 Maxwell's Portable Pile  Tloc           17%        2d(8-15)  30%         4
 Conjure Ball Lightning   Conj/Air       8%         3x3d6     99%         6
 Haunt                    Necr/Summ      8%         N/A       100%        7
 Borgnjor's Revivificati  Necr           8%         N/A       100%        8
 Discord                  Hex            8%         N/A       100%        8
 Disjunction              Tloc           8%         N/A       100%        8
 Death's Door             Necr           8%         N/A       100%        9


Dungeon Overview and Level Annotations

Branches:
Dungeon (7/15)             Temple (1/1) D:6

Altars:
Ashenzari
Cheibriados
Dithmenos
Fedhas
Gozag
Hepliaklqana
Kikubaaqudgha
Nemelex Xobeh
Qazlal
Ru
Trog
Uskayaw
Vehumet
Wu Jian
Xom
Zin
The Shining One

Shops:
D:2 [   D:4 [[*!


Innate Abilities, Weirdness & Mutations

You have very sharp teeth.
Your uncanny sense of smell can sniff out nearby items.
Your experience applies equally to all skills.


Message History

The orc priest looks encouraged for a moment.
The orc priest calls down the wrath of Beogh upon you.
Beogh smites you!
The orc priest calls down the wrath of Beogh upon you.
Beogh smites you!
You are too injured to fight recklessly!
You are too injured to fight recklessly!
You are too injured to fight recklessly!
You are too injured to fight recklessly!
You are too injured to fight recklessly!
You hit the orc warrior but do no damage.
The orc warrior is poisoned.
The orc warrior hits you with a +0 flail.
You hit the orc warrior.
The orc warrior is lightly wounded.
The orc warrior hits you but does no damage.
You hit the orc warrior.
The orc warrior looks as sick as possible!
The orc warrior is moderately wounded.
The orc warrior closely misses you.
You closely miss the orc warrior.
You bite the orc warrior, but do no damage.
The orc warrior is heavily wounded.
The orc warrior completely misses you.
You hit the orc warrior but do no damage.
The orc warrior looks as sick as possible!
You bite the orc warrior, but do no damage.
The orc warrior is heavily wounded.
The orc warrior hits you with a +0 flail!
The orc priest invokes the aid of Beogh against you.
Beogh smites you! The orc warrior barely misses you.
You hit the orc warrior but do no damage.
The orc warrior looks as sick as possible!
The orc warrior is severely wounded.
The orc priest invokes the aid of Beogh against you.
Beogh smites you!
* * * LOW HITPOINT WARNING * * *
The orc warrior hits you with a +0 flail!
You die...
Your body crumbles into a pile of gold.

.# #.#
########.........
.. ...
........<.#.#####
## #########.#.#
∆ #.#.#
#######.#.#
..........#
#######.### #.#
#@# ##o## #.o.#
#[..$.)..#
#.##...#.# #
##.##.# #># # #.#
#.#


You could see an orc warrior (extremely poisoned) and an orc priest.

Vanquished Creatures
  Prince Ribbit (D:6)
  An orc warrior (D:7)
  2 ice beasts
  A black bear (D:6)
  2 ogres
  Blork the orc (D:6)
  A scorpion (D:6)
  A bombardier beetle (D:4)
  The ghost of picklenugget the Grasshopper, a weakling FeWr (D:3)
  5 hounds
  A gnoll bouda (D:4)
  3 orc priests
  3 jellies
  A sleepcap (D:5)
  3 iguanas
  3 orc wizards
  3 gnolls (D:4)
  7 adders
  2 ufetubi (D:6)
  4 ribbon worms
  4 dart slugs
  12 orcs
  4 ball pythons
  8 endoplasms
  3 giant cockroaches
  5 goblins
  7 hobgoblins
  5 jackals
  9 kobolds
  5 quokkas
  4 bats
  2 frilled lizards
  4 rats
118 creatures vanquished.

Vanquished Creatures (others)
  A human (D:6)
  4 foxfires (D:4)
5 creatures vanquished.

Grand Total: 123 creatures vanquished

Notes
Turn   | Place    | Note
-------+----------+-------------------------------------------
     0 | D:1      | incide the Gnoll Wanderer began the quest for the Orb.
     0 | D:1      | incide set off with the following items: a +0 long sword, a
                  | +0 cloak, a scroll of fear, a +0 robe; and the following
                  | spell memorised: Foxfire; and the following spells
                  | available to memorise: Volatile Blastmotes.
     0 | D:1      | Reached XP level 1. HP: 17/17 MP: 4/4
   137 | D:1      | Reached XP level 2. HP: 21/23 MP: 5/5
   424 | D:1      | Reached XP level 3. HP: 28/28 MP: 7/7
   661 | D:2      | Reached skill level 1 in Invocations
   733 | D:2      | HP: 5/28 [frozen (1)]
   735 | D:2      | HP: 2/28 [frozen (2)]
   744 | D:2      | HP: 2/28 [endoplasm (1)]
   750 | D:2      | HP: 2/28 [frozen (1)]
   762 | D:2      | Reached skill level 1 in Short Blades
   762 | D:2      | Reached skill level 1 in Axes
   762 | D:2      | Reached skill level 1 in Maces & Flails
   762 | D:2      | Reached skill level 1 in Polearms
   762 | D:2      | Reached skill level 1 in Staves
   762 | D:2      | Reached skill level 1 in Ranged Weapons
   762 | D:2      | Reached skill level 1 in Armour
   762 | D:2      | Reached skill level 1 in Stealth
   762 | D:2      | Reached skill level 1 in Shields
   762 | D:2      | Reached skill level 1 in Unarmed Combat
   762 | D:2      | Reached skill level 1 in Evocations
   764 | D:2      | HP: 3/28 [rat (3)]
  1149 | D:2      | Reached skill level 1 in Shapeshifting
  1149 | D:2      | Reached XP level 4. HP: 31/34 MP: 8/8
  1196 | D:2      | Found Xecrosuuso's Antique Armour Shoppe.
  1361 | D:2      | Learned a level 3 spell: Volatile Blastmotes
  1467 | D:3      | Reached skill level 3 in Spellcasting
  1509 | D:3      | Reached skill level 1 in Conjurations
  1509 | D:3      | Reached skill level 1 in Hexes
  1509 | D:3      | Reached skill level 1 in Summonings
  1509 | D:3      | Reached skill level 1 in Necromancy
  1509 | D:3      | Reached skill level 1 in Translocations
  1509 | D:3      | Reached skill level 1 in Ice Magic
  1509 | D:3      | Reached skill level 1 in Air Magic
  1509 | D:3      | Reached skill level 1 in Earth Magic
  1509 | D:3      | Reached skill level 1 in Alchemy
  1650 | D:3      | Found a glowing silver altar of Zin.
  1715 | D:3      | Found a large runed translucent door.
  1715 | D:3      | Found a large runed translucent door.
  2070 | D:3      | Noticed picklenugget's ghost (weakling FeWr)
  2099 | D:3      | Killed picklenugget's ghost
  2100 | D:3      | Reached XP level 5. HP: 17/40 MP: 6/9
  2378 | D:4      | Found Vappir's Distillery.
  2382 | D:4      | Bought a potion of degeneration for 14 gold pieces
  2394 | D:4      | Found Lompypar's General Store.
  2414 | D:4      | Reached skill level 3 in Fighting
  2414 | D:4      | Reached skill level 3 in Throwing
  2414 | D:4      | Reached skill level 3 in Dodging
  2421 | D:4      | Reached skill level 4 in Fire Magic
  2529 | D:4      | Found Oseezolo's Armour Boutique.
  2617 | D:4      | Found Miokas's Armour Boutique.
  2763 | D:4      | Identified the +8 mace of Doran {venom, Dex+5}
  2986 | D:4      | Reached skill level 2 in Invocations
  3194 | D:4      | Reached XP level 6. HP: 37/47 MP: 11/11
  3332 | D:4      | Reached skill level 2 in Short Blades
  3332 | D:4      | Reached skill level 2 in Axes
  3332 | D:4      | Reached skill level 2 in Maces & Flails
  3332 | D:4      | Reached skill level 2 in Polearms
  3332 | D:4      | Reached skill level 2 in Staves
  3332 | D:4      | Reached skill level 2 in Ranged Weapons
  3332 | D:4      | Reached skill level 2 in Armour
  3332 | D:4      | Reached skill level 2 in Stealth
  3332 | D:4      | Reached skill level 2 in Shields
  3332 | D:4      | Reached skill level 2 in Unarmed Combat
  3332 | D:4      | Reached skill level 2 in Evocations
  3882 | D:5      | Entered Level 5 of the Dungeon
  3932 | D:5      | Reached skill level 2 in Shapeshifting
  4120 | D:5      | Noticed an ice beast
  4281 | D:5      | Reached XP level 7. HP: 44/52 MP: 12/12
  4375 | D:5      | Reached skill level 2 in Conjurations
  4375 | D:5      | Reached skill level 2 in Hexes
  4375 | D:5      | Reached skill level 2 in Summonings
  4375 | D:5      | Reached skill level 2 in Necromancy
  4375 | D:5      | Reached skill level 2 in Translocations
  4375 | D:5      | Reached skill level 2 in Ice Magic
  4375 | D:5      | Reached skill level 2 in Air Magic
  4375 | D:5      | Reached skill level 2 in Earth Magic
  4375 | D:5      | Reached skill level 2 in Alchemy
  4501 | D:6      | Reached skill level 9 in Long Blades
  4576 | D:6      | Reached skill level 3 in Invocations
  4738 | D:6      | Reached skill level 4 in Spellcasting
  4813 | D:6      | Reached skill level 4 in Fighting
  4813 | D:6      | Reached skill level 3 in Short Blades
  4813 | D:6      | Reached skill level 3 in Axes
  4813 | D:6      | Reached skill level 3 in Maces & Flails
  4813 | D:6      | Reached skill level 3 in Polearms
  4813 | D:6      | Reached skill level 3 in Staves
  4813 | D:6      | Reached skill level 3 in Ranged Weapons
  4813 | D:6      | Reached skill level 4 in Throwing
  4813 | D:6      | Reached skill level 3 in Armour
  4813 | D:6      | Reached skill level 4 in Dodging
  4813 | D:6      | Reached skill level 3 in Stealth
  4813 | D:6      | Reached skill level 3 in Shields
  4813 | D:6      | Reached skill level 3 in Unarmed Combat
  4813 | D:6      | Reached skill level 3 in Evocations
  4813 | D:6      | Reached XP level 8. HP: 34/60 MP: 14/14
  5136 | D:6      | Found a staircase to the Ecumenical Temple.
  5178 | D:6      | Found a shadowy altar of Dithmenos.
  5210 | D:6      | Noticed Blork the orc
  5210 | D:6      | Noticed Prince Ribbit
  5224 | D:6      | Reached skill level 3 in Shapeshifting
  5229 | D:6      | Killed Blork the orc
  5231 | D:6      | HP: 12/60 [poisoned by Blork the orc]
  5231 | D:6      | HP: 5/60 [Prince Ribbit (5)]
  5237 | D:6      | HP: 7/60 [Prince Ribbit (15)]
  5242 | D:6      | HP: 9/60 [Prince Ribbit (2)]
  5244 | D:6      | Killed Prince Ribbit
  5640 | D:6      | Reached skill level 4 in Invocations
  5645 | D:6      | Found an ancient bone altar of Kikubaaqudgha.
  5876 | Temple   | Entered the Ecumenical Temple
  5881 | Temple   | Became a worshipper of Gozag Ym Sagoz the Greedy
  5931 | D:7      | Reached skill level 3 in Conjurations
  5931 | D:7      | Reached skill level 3 in Hexes
  5931 | D:7      | Reached skill level 3 in Summonings
  5931 | D:7      | Reached skill level 3 in Necromancy
  5931 | D:7      | Reached skill level 3 in Translocations
  5931 | D:7      | Reached skill level 3 in Ice Magic
  5931 | D:7      | Reached skill level 3 in Air Magic
  5931 | D:7      | Reached skill level 3 in Earth Magic
  5931 | D:7      | Reached skill level 3 in Alchemy
  6055 | D:7      | Found a broken altar of Ashenzari.
  6080 | D:7      | Reached skill level 5 in Fire Magic
  6097 | D:7      | Reached XP level 9. HP: 49/66 MP: 16/16
  6184 | D:7      | HP: 8/66 [orc priest/divine providence (16)]
  6184 | D:7      | Mangled by an orc warrior

Illustrated notes

Levels and vault maps discovered:
D:1:      dpeg_arrival_tiny_d, layout_basic, serial_curves, eino_curves_01,
          eino_curves_02, eino_curves_02, eino_curves_02, hangedman_decor_points
D:2:      layout_basic, serial_shops, nicolae_shop_behind_doors
D:3:      layout_basic, zin_academy, ebering_ghost_disaster_area,
          minmay_starry_boxes
D:4:      layout_loops_cross, serial_shops, shop, shop, kennysheep_little_box,
          nicolae_shop_crystal, minmay_liquid_box, nrook_mini_backslash,
          chequers_big_river, minmay_quadrilaterals
D:5:      layout_loops_ring
D:6:      layout_basic, tgw_kikubaaqudgha, grunt_dithmenos_smoke,
          minmay_temple_entry_poolview, nicolae_zig_zag_zippers,
          uniq_blork_the_orc, uniq_prince_ribbit1
D:7:      minmay_slanted_spiral_squares, layout_loops_ring, ashenzari_altar_1,
          minmay_misc_feat_rows
Temple:   nicolae_temple_ecumenical_triangle

Skill      XL: |  1  2  3  4  5  6  7  8 |
---------------+-------------------------+-----
Invocations    | 1 2 3 4 |  4.3
Short Blades   | 1 2 3 |  3.9
Axes           | 1 2 3 |  3.9
Maces & Flails | 1 2 3 |  3.9
Polearms       | 1 2 3 |  3.9
Staves         | 1 2 3 |  3.9
Ranged Weapons | 1 2 3 |  3.9
Armour         | 1 2 3 |  3.9
Stealth        | 1 2 3 |  3.9
Shields        | 1 2 3 |  3.9
Unarmed Combat | 1 2 3 |  3.9
Evocations     | 1 2 3 |  3.9
Shapeshifting  | 1 2 3 |  3.5
Spellcasting   | 3 4 |  4.9
Conjurations   | 1 2 3 |  3.2
Hexes          | 1 2 3 |  3.2
Summonings     | 1 2 3 |  3.2
Necromancy     | 1 2 3 |  3.2
Translocations | 1 2 3 |  3.2
Ice Magic      | 1 2 3 |  3.2
Air Magic      | 1 2 3 |  3.2
Earth Magic    | 1 2 3 |  3.2
Alchemy        | 1 2 3 |  3.2
Fighting       | 3 4 |  4.7
Throwing       | 3 4 |  4.7
Dodging        | 3 4 |  4.7
Fire Magic     | 4 5 |  5.0
Long Blades    | 9 |  9.4

Action                     |  1- 3 |  4- 6 |  7- 9 || total
---------------------------+-------+-------+-------++-------
  Melee: Long sword        |   120 |   140 |       ||   260
         Bite              |    10 |    15 |    18 ||    43
         Mace              |       |    11 |   108 ||   119
   Cast: Foxfire           |     5 |     3 |       ||     8
         Volatile Blastmot |       |     4 |     1 ||     5
  Evoke: Wand              |       |       |     4 ||     4
    Use: Potion            |       |       |     3 ||     3
   Stab: Sleeping          |     1 |     6 |     4 ||    11
 Armour: Robe              |    54 |    70 |    79 ||   203
  Dodge: Dodged            |    82 |    94 |   127 ||   303

Table legend: (Time is in decaauts)
 A = Elapsed time spent in this place.
 B = Non-inter-level travel time spent in this place.
 C = Inter-level travel time spent in this place.
 D = Time resting spent in this place.
 E = Time spent auto-exploring this place.
 F = Levels seen in this place.
 G = Mean time per level.
                   A        B        C        D        E       F      G
               +--------+--------+--------+--------+--------+-----+--------+
         Total |   6218 |   5918 |    300 |    974 |   3734 |   8 |  777.2 |
       Dungeon |   6207 |   5915 |    292 |    974 |   3734 |   7 |  886.7 |
        Temple |     10 |      2 |      8 |      0 |      0 |   1 |   10.0 |
               +--------+--------+--------+--------+--------+-----+--------+

Top non-repeatable levels by time:
     D:4: 1597 daAuts
     D:6: 1482 daAuts
     D:3: 925 daAuts
     D:2: 814 daAuts
     D:5: 574 daAuts
     D:1: 549 daAuts
     D:7: 264 daAuts
  Temple: 10 daAuts
